 Dungeon Crawl Stone Soup version 0.21.0-3-g78d12a8bdd (webtiles) character file.

1591 Artagas the Firebug (level 8, -21/41 HPs)
             Began as a Deep Elf Fire Elementalist on Jan 12, 2018.
             Engulfed by a cloud of flame (30 damage)
             ... on level 6 of the Dungeon.
             The game lasted 00:24:06 (8090 turns).

Artagas the Firebug (Deep Elf Fire Elementalist)    Turns: 8090, Time: 00:24:06

Health: -21/41     AC:  3    Str:  8    XL:     8   Next: 61%
Magic:  16/20      EV: 15    Int: 23    God:
Gold:   175        SH:  0    Dex: 15    Spells: 7/21 levels left

rFire    . . .     SeeInvis .   u - +2 quarterstaff (chaos)
rCold    . . .     Gourm    .   (shield currently unavailable)
rNeg     + . .     Faith    .   a - +0 robe
rPois    .         Spirit   .   (no helmet)
rElec    .         Reflect  .   t - +0 cloak
rCorr    .         Harm     .   (no gloves)
MR       .....                  (no boots)
Stlth    ++........             (no amulet)
HPRegen  0.13/turn              d - +3 ring of strength
MPRegen  0.17/turn              s - ring of positive energy

@: marked
A: no striking features
a: no special abilities


You were on level 6 of the Dungeon.
You were not hungry.

You visited 1 branch of the dungeon, and saw 6 of its levels.

You collected 351 gold pieces.
You spent 176 gold pieces at shops.

Inventory:

Hand Weapons
 u - a +2 quarterstaff of chaos (weapon)
Armour
 a - a +0 robe (worn)
 q - a scarf of repulsion
 t - a +0 cloak (worn)
Jewellery
 d - a +3 ring of strength (left hand)
 s - a ring of positive energy (right hand)
Scrolls
 f - 2 scrolls of remove curse
 g - 4 scrolls of identify
 k - 3 scrolls of teleportation {unknown}
 l - a scroll of blinking {unknown}
 p - a scroll of fear {unknown}
 v - 2 scrolls of amnesia {unknown}
 x - a scroll of enchant armour {unknown}
Potions
 e - 2 potions of magic
 h - a potion of curing
 i - 3 potions of might
 j - a potion of heal wounds
 m - 2 potions of mutation
 w - a potion of cancellation
Books
 b - a book of Flames

   Spells                             Type                      Level
   a - Flame Tongue                   Conjuration/Fire             1
   b - Throw Flame                    Conjuration/Fire             2
   c - Conjure Flame                  Conjuration/Fire             3
   d - Inner Flame                    Hexes/Fire                   3
   e - Sticky Flame                   Conjuration/Fire             4
   f - Fireball                       Conjuration/Fire             5
 o - a book of Misfortune

   Spells                             Type                      Level
   a - Confusing Touch                Hexes                        1
   b - Confuse                        Hexes                        3
   c - Gell's Gravitas                Translocation                3
   d - Petrify                        Transmutation/Earth          4
   e - Metabolic Englaciation         Hexes/Ice                    5
   f - Yara's Violent Unravelling     Hexes/Transmutation          5
Comestibles
 c - 6 rations
 n - a chunk of flesh


   Skills:
 + Level 5.5 Dodging
 - Level 2.4 Stealth
 + Level 7.2 Spellcasting
 * Level 6.7 Conjurations
 * Level 7.5 Fire Magic


You had 7 spell levels left.
You knew the following spells:

 Your Spells              Type           Power        Failure   Level  Hunger
a - Flame Tongue          Conj/Fire      #####        1%          1    None
b - Throw Flame           Conj/Fire      #####.       1%          2    None
c - Conjure Flame         Conj/Fire      #####...     1%          3    None
d - Inner Flame           Hex/Fire       ####....     4%          3    None
e - Fireball              Conj/Fire      #####.....   11%         5    #####..


Dungeon Overview and Level Annotations

Branches:
Dungeon (6/15)
 Temple: D:4-7

Altars:
Ashenzari
Cheibriados
Kikubaaqudgha
Makhleb
Okawaru
Qazlal
Ru
Sif Muna
Wu Jian
Zin

Shops:
D:4 [


Message History

Aiming: Inner Flame
Press: ? - help, Shift-Dir - straight line, f - bat
Aim: a bat (chance to defeat MR: 91%)
The bat is filled with an inner flame.
The bat hits you but does no damage. The bat barely misses you.
The bat hits you but does no damage.
Casting: Inner Flame
Confirm with . or Enter, or press ? or * to list all spells.
Aiming: Flame Tongue
Press: ? - help, Shift-Dir - straight line, f/p - bat
Aim: a bat The flame tongue hits the bat.
The bat explodes!
The fiery explosion engulfs the bat.
You kill the bat!
The fiery explosion engulfs you!
Ouch! That really hurt!
* * * LOW HITPOINT WARNING * * *
You are engulfed in blazing flames.
Ouch! That really hurt!
You die...

##...##.# ##.###.#
### #.# #.# ### #.#
#.. # #.# #.# # #.#
#.# #
.#######b#####.####
.......bbb.ยง@....(#
#####..b#####.##.#
########.### #.##.#
#.........# #.##.#
#.######..# #.##.#
##.# ####### #.##.#
#.## #P^P..# #.##.#
#.#####.PPPP# #.##.#
##).#....._.P#
#....#


You could see a vampire bat and 4 bats.

Vanquished Creatures
  2 sky beasts
  An ice beast (D:6)
  An ogre (D:4)
  2 centaurs (D:6)
  9 wights (D:6)
  A howler monkey (D:6)
  2 orc priests (D:5)
  Crazy Yiuf (D:4)
  2 hounds
  A gnoll shaman (D:6)
  A centaur skeleton (D:6)
  7 worker ants
  4 orc wizards
  2 worker ant zombies
  4 gnolls (D:6)
  5 adders
  A shadow imp (D:5)
  An ooze (D:3)
  An adder skeleton (D:5)
  2 dart slugs (D:1)
  2 leopard geckos
  6 orcs
  6 bats
  4 bat skeletons (D:6)
  A bat zombie (D:6)
  4 giant cockroaches
  5 goblins
  8 hobgoblins
  5 jackals
  5 kobolds
  3 quokkas
  2 frilled lizards
  6 rats
107 creatures vanquished.

Notes
Turn   | Place    | Note
-------+----------+-------------------------------------------
     0 | D:1      | Artagas the Deep Elf Fire Elementalist began the quest for the Orb.
     0 | D:1      | Reached XP level 1. HP: 10/10 MP: 6/6
   328 | D:1      | Reached XP level 2. HP: 15/15 MP: 4/8
   855 | D:2      | Learned a level 2 spell: Throw Flame
   969 | D:2      | Reached XP level 3. HP: 16/19 MP: 2/10
  1495 | D:2      | Found a glowing silver altar of Zin.
  1974 | D:3      | Found a burning altar of Makhleb.
  1974 | D:3      | Noticed a balrug
  1977 | D:3      | Noticed an orange demon
  1977 | D:3      | Noticed a smoke demon
  2196 | D:3      | Reached XP level 4. HP: 22/24 MP: 3/12
  3223 | D:4      | Found Ukhoxkey's Antique Armour Boutique.
  3226 | D:4      | Bought a runed scarf for 176 gold pieces
  3491 | D:4      | Found a deep blue altar of Sif Muna.
  3540 | D:4      | Found an iron altar of Okawaru.
  3627 | D:4      | Reached XP level 5. HP: 28/28 MP: 7/14
  3743 | D:4      | Noticed an ogre
  3751 | D:4      | Killed an ogre
  3751 | D:4      | Reached skill level 5 in Spellcasting
  3913 | D:4      | Reached XP level 6. HP: 32/32 MP: 10/15
  3918 | D:4      | Learned a level 3 spell: Conjure Flame
  3922 | D:4      | Learned a level 3 spell: Inner Flame
  3965 | D:4      | Found a runed door.
  4096 | D:4      | Noticed Crazy Yiuf
  4101 | D:4      | Killed Crazy Yiuf
  4101 | D:4      | Reached skill level 5 in Fire Magic
  4357 | D:5      | Entered Level 5 of the Dungeon
  4877 | D:5      | Found a stormy altar of Qazlal.
  4995 | D:5      | Noticed a sky beast
  5001 | D:5      | Killed a sky beast
  5001 | D:5      | Reached XP level 7. HP: 36/36 MP: 4/17
  5514 | D:5      | Found a snail-covered altar of Cheibriados.
  5709 | D:5      | Found an ornate altar of the Wu Jian Council.
  6384 | D:6      | Reached skill level 5 in Conjurations
  6811 | D:6      | Reached XP level 8. HP: 34/41 MP: 11/19
  6911 | D:6      | Learned a level 5 spell: Fireball
  6940 | D:6      | Found a sacrificial altar of Ru.
  7091 | D:6      | Found an ancient bone altar of Kikubaaqudgha.
  7272 | D:6      | Reached skill level 5 in Dodging
  7854 | D:6      | Found a shattered altar of Ashenzari.
  8090 | D:6      | Engulfed by a cloud of flame

Skill      XL: |  1  2  3  4  5  6  7  8 |
---------------+-------------------------+-----
Conjurations   | 2 3 4 5 6 |  6.7
Fire Magic     | 4 5 6 7 |  7.5
Spellcasting   | 4 5 6 7 |  7.2
Dodging        | 3 4 5 |  5.5
Stealth        | |  2.4

Action                   |  1- 3 |  4- 6 |  7- 9 || total
-------------------------+-------+-------+-------++-------
Melee: Unarmed           |       |     3 |       ||     3
       Quarterstaff      |       |     6 |     7 ||    13
 Cast: Flame Tongue      |    63 |    38 |   108 ||   209
       Throw Flame       |     1 |    37 |    31 ||    69
       Conjure Flame     |       |       |     4 ||     4
       Inner Flame       |       |       |     1 ||     1
  Use: Scroll            |       |     2 |     7 ||     9
  Eat: Chunk             |     3 |     4 |     8 ||    15
       Ration            |       |     1 |     1 ||     2
Armor: Robe              |     2 |     3 |    18 ||    23
Dodge: Dodged            |    20 |    16 |    60 ||    96
